 Dungeon Crawl Stone Soup version 0.30.0-5-g1a98f26d00 (webtiles) character file.

Game seed: 17900132851081458938

186 hogiebunz the Trooper (level 5, 0/47 HPs)
             Began as a Minotaur Fighter on May 9, 2023.
             Slain by Pikel
             ... wielding a +2 whip of flaming
              (2 damage)
             ... on level 4 of the Dungeon.
             The game lasted 00:09:18 (2575 turns).

hogiebunz the Trooper (Minotaur Fighter)            Turns: 2575, Time: 00:09:26

Health: 0/47       AC:  9    Str: 22    XL:     5   Next: 38%
Magic:  4/4        EV:  9    Int:  5    God:
Gold:   201        SH:  4    Dex: 10    Spells: 4/4 levels left

rFire   . . .        a - +0 trident
rCold   . . .        c - +0 buckler
rNeg    . . .        b - +1 scale mail
rPois   .            (helmet restricted)
rElec   .            (no cloak)
rCorr   .            p - +0 pair of gloves
SInv    .            (no boots)
Will    .....        (no amulet) Stlth
                     (no ring)
HPRegen 0.27/turn    (no ring)
MPRegen 0.09/turn

%: no passive effects
@: no status effects
A: horns 2, retaliatory headbutt
a: no special abilities


You were on level 4 of the Dungeon.
You visited 1 branch of the dungeon, and saw 4 of its levels.

You collected 201 gold pieces.

Inventory:

Hand Weapons
 a - a +0 trident (weapon)
 i - a +1 whip of venom
 k - a +4 dagger of speed
Missiles
 n - 5 boomerangs (quivered)
Armour
 b - a +1 scale mail (worn)
 c - a +0 buckler (worn)
 p - a +0 pair of gloves (worn)
Wands
 q - a wand of digging (4)
Scrolls
 g - a scroll of brand weapon
 j - a scroll of vulnerability
Potions
 d - 2 potions of might
 e - 3 potions of flight
 f - a potion of haste
 h - 2 potions of brilliance
 m - a potion of heal wounds


   Skills:
 + Level 4.8 Fighting
 + Level 4.0 Polearms
 + Level 4.8 Armour
 + Level 4.8 Shields


You had 4 spell levels left.
You didn't know any spells.
Your spell library was empty.

Dungeon Overview and Level Annotations

Branches:
Dungeon (4/15)
 Temple: D:4-7

Altars:

Shops:
D:1 !

Annotations:
D:4 Pikel


Innate Abilities, Weirdness & Mutations

You have a pair of horns on your head.
You reflexively headbutt those who attack you in melee.


Message History

Pikel burns you. You block the lemure's attack.
You completely miss the lemure. Your headbutt misses the lemure.
The lemure is lightly wounded.
The giant cockroach closely misses you. You furiously retaliate!
You headbutt the giant cockroach. You block the lemure's attack.
The lemure barely misses you.
Pikel hits you with a +2 whip of flaming!
Pikel burns you. The giant cockroach barely misses you.
You furiously retaliate!
You headbutt the giant cockroach.
You kill the giant cockroach!
Your Polearms skill increases to level 4!
The lemure attacks as you move away! The lemure hits you but does no damage.
You hit the lemure. You headbutt the lemure!
The lemure is heavily wounded.
Pikel hits you with a +2 whip of flaming.
Pikel burns you. The lemure hits you. x2
You hit the lemure.
The lemure is severely wounded.
Pikel hits you with a +2 whip of flaming.
Pikel burns you. The lemure hits you.
* * * LOW HITPOINT WARNING * * *
You block the lemure's attack. The lemure closely misses you.
You furiously retaliate!
You headbutt the lemure. You hit the lemure.
The lemure is almost dead.
Pikel barely misses you. The lemure hits you but does no damage.
The lemure barely misses you. You furiously retaliate!
You headbutt the lemure. The lemure hits you.
* * * LOW HITPOINT WARNING * * *
Pikel barely misses you. The lemure closely misses you.
You furiously retaliate!
You headbutt the lemure! You block the lemure's attack.
The lemure barely misses you. You furiously retaliate!
You headbutt the lemure! You hit the lemure.
You kill the lemure!
That felt strangely unrewarding.
Pikel hits you with a +2 whip of flaming!
* * * LOW HITPOINT WARNING * * *
Pikel burns you.
You die...

#.##.#..#####
#............
#.##<#..###.#
#.##.#..#
#####.##.#..#
#.....<#.#..##
#............#
#.#..5.#.#...#
#...@K5......#
#.#.5#†..#...#
#.#..!........
# #.###.##.#..
.. .. .... >..
..# .|# ..#.
... .. #..#.
...#


You could see Pikel and 3 lemures.

Vanquished Creatures
  A lemure (D:4)
  An iguana (D:3)
  Robin (D:3)
  6 adders
  A worm (D:3)
  3 dart slugs
  An orc (D:2)
  7 ball pythons
  5 endoplasms
  5 giant cockroaches
  12 hobgoblins
  A jackal (D:3)
  6 kobolds
  6 quokkas
  3 bats
  4 frilled lizards
  11 goblins
  10 rats
84 creatures vanquished.

Notes
Turn   | Place    | Note
-------+----------+-------------------------------------------
     0 | D:1      | hogiebunz the Minotaur Fighter began the quest for the Orb.
     0 | D:1      | Reached XP level 1. HP: 19/19 MP: 0/0
    85 | D:1      | Found Fuceirph's Distillery.
   127 | D:1      | Reached XP level 2. HP: 27/27 MP: 1/1
   421 | D:1      | Reached XP level 3. HP: 33/33 MP: 2/2
   673 | D:2      | Found a faded altar of an unknown god.
   812 | D:2      | Reached XP level 4. HP: 41/41 MP: 3/3
  2012 | D:3      | Reached XP level 5. HP: 19/47 MP: 4/4
  2284 | D:3      | Noticed Robin
  2297 | D:3      | Killed Robin
  2560 | D:4      | Noticed a lemure
  2560 | D:4      | Noticed Pikel
  2560 | D:4      | Noticed a lemure
  2561 | D:4      | Noticed a lemure
  2563 | D:4      | Noticed a lemure
  2575 | D:4      | Killed a lemure
  2575 | D:4      | HP: 2/47 [Pikel/+2 whip of flaming (7)]
  2575 | D:4      | Slain by Pikel

Illustrated notes

Levels and vault maps discovered:
D:1:      shiori_arrival_oz, layout_loops_ring, serial_shops,
          nicolae_shop_back_alley_shop
D:2:      layout_rooms, basic_ecumenical_altar, minmay_joined_circles
D:3:      layout_basic, minmay_vboxes, uniq_robin
D:4:      layout_basic, general_overflow_altar, serial_shops,
          nicolae_shop_back_alley_shop, cheibrodos_sewer_entry_drain, uniq_pikel

Skill      XL: |  1  2  3  4  5 |
---------------+----------------+-----
Shields        | 4 |  4.8
Armour         | 4 |  4.8
Fighting       | 4 |  4.8
Polearms       | 3 4 |  4.0

Action                     |  1- 3 |  4- 6 || total
---------------------------+-------+-------++-------
  Melee: Trident           |    90 |   106 ||   196
         Headbutt          |     7 |    10 ||    17
  Throw: Boomerang         |       |     7 ||     7
    Use: Scroll            |       |    12 ||    12
         Potion            |       |     3 ||     3
 Armour: Scale mail        |    25 |    66 ||    91
  Dodge: Dodged            |    36 |    65 ||   101
  Block: Buckler           |    11 |    33 ||    44
